AoeStats
← 海霸天

MegaRandom

509533996Analyzed
3v3 RM · 7d ago on Sep 27, 2026· 29m 37s· 6 players
Game mode
Random Map
Map size
Normal (6 player)
Population
200
Speed
Normal
Resources
Standard
Victory
Conquest
Starting age
Dark Age
Ending age
Imperial Age
RankedLock teamsTeams togetherTeam positionsShared explorationLock speedFull tech treeHidden civsTurbo modeCheats
Victory
Defeat
🇨🇳 Goths · China
733
+16
🇺🇸 Sicilians · United States
707
+17
🇺🇸 Franks · United States
686
+18
🇨🇳 Vietnamese · China
796
-20
🇦🇺 Gurjaras · Australia
749
-18
🇹🇼 Lithuanians · Taiwan
635
-13
snipejawn07
7:33 Loom
13:10 Feudal Age
14:34 Wheelbarrow
15:23 Double-Bit Axe
20:14 Castle Age
19:34 Scale Mail Armor
19:43 Scale Barding Armor
26:00 Hand Cart
26:48 Bow Saw
29:40 Caravan
zhaozhao
1:00 Loom
10:56 Feudal Age
11:27 Double-Bit Axe
12:21 Wheelbarrow
12:04 Horse Collar
15:39 Gold Mining
21:31 Castle Age
20:46 Forging
20:38 Scale Mail Armor
20:34 Man-at-Arms
21:52 Long Swordsman
23:12 Iron Casting
22:54 Chain Mail Armor
olaf.kreegs
10:47 Feudal Age
16:53 Double-Bit Axe
22:27 Stone Mining
22:28 Gold Mining
22:40 Fletching
23:01 Forging
24:06 Horse Collar
29:20 Castle Age
27:58 Wheelbarrow
29:24 Pikeman
Harambe
0:28 Loom
10:53 Feudal Age
12:35 Wheelbarrow
13:24 Double-Bit Axe
14:25 Horse Collar
24:12 Castle Age
22:07 Gold Mining
22:12 Stone Mining
25:58 Bloodlines
25:48 Husbandry
海霸天
1:42 Loom
13:17 Feudal Age
13:40 Horse Collar
13:52 Double-Bit Axe
23:07 Castle Age
21:43 Wheelbarrow
21:11 Fletching
23:05 Stone Mining
23:05 Gold Mining
23:31 Padded Archer Armor
24:08 Bodkin Arrow
24:34 Bow Saw
25:44 Heavy Plow
cold hand
9:49 Loom
11:38 Feudal Age
9:56 Loom
11:59 Horse Collar
12:06 Double-Bit Axe
17:07 Loom
20:40 Castle Age
18:31 Loom
20:02 Stone Mining
20:03 Gold Mining
22:12 Bow Saw
22:03 Heavy Plow
22:43 Stone Shaft Mining
22:47 Treadmill Crane
25:47 Masonry
26:52 Forging
26:48 Scale Barding Armor
26:50 Murder Holes
27:33 Wheelbarrow
26:44 Town Watch
Connection lost

Rejoining the realm…

Still unreachable

The connection could not be restored.

Session expired

The server has moved on; the page needs a fresh start.